 Dungeon Crawl Stone Soup version 0.29.1-12-g30fa7ad0bf (webtiles) character file.

Game seed: 3260600163188872851

98 javelincjr the Magician (level 5, 0/35 HPs)
             Began as a Djinni Conjurer on Dec 30, 2022.
             Was an Initiate of Qazlal.
             Slain by a lemure (4 damage)
             ... led by Pikel
             ... on level 3 of the Dungeon.
             The game lasted 00:11:43 (2702 turns).

javelincjr the Magician (Djinni Conjurer)           Turns: 2702, Time: 00:11:44

Health: 0/35       AC:  2    Str:  8    XL:     5   Next: 1%
Gold:   133        EV: 12    Int: 20    God:    Qazlal [......] SH:  0 Dex: 11

rFire   + + .      SeeInvis .   u - +2 flail (holy)
rCold   x . .      Faith    .   g - orb {mayhem}
rNeg    . . .      Spirit   .   a - +0 robe
rPois   ∞          Reflect  .   (no helmet)
rElec   .          Harm     .   (no cloak)
rCorr   .          Rampage  .   (no gloves)
Will    .....                   (boots unavailable)
Stlth   ++........              (no amulet)
HPRegen 0.11/turn               (no ring)
MPRegen 0.00/turn               (no ring)

@: flying
A: sickness immunity, fire resistance 2, cold vulnerability 1, float, innate
caster, HP casting, extra vitality 1
a: Renounce Religion


You were on level 3 of the Dungeon.
You worshipped Qazlal.
Qazlal was noncommittal.
You visited 1 branch of the dungeon, and saw 4 of its levels.

You collected 133 gold pieces.

Inventory:

Hand Weapons
 d - a +0 short sword
 u - a +2 flail of holy wrath (weapon)
Missiles
 k - 11 boomerangs
Armour
 a - a +0 robe (worn)
 g - an orb of mayhem (worn)
Jewellery
 b - a ring of see invisible
Scrolls
 c - a scroll of silence {unknown}
 e - a scroll of enchant armour {unknown}
 h - a scroll of brand weapon {unknown}
 j - a scroll of noise {unknown}
 m - a scroll of immolation {unknown}
 o - 6 scrolls of identify {unknown}
 q - a scroll of teleportation {unknown}
 s - a scroll of vulnerability {unknown}
Potions
 f - 2 potions of degeneration {unknown}
 i - 4 potions of haste {unknown}
 l - 2 potions of lignification {unknown}
 n - 2 potions of resistance {unknown}
 p - a potion of cancellation {unknown}
 r - a potion of curing {unknown}
 t - 2 potions of heal wounds {unknown}


   Skills:
 + Level 2.3 Dodging
 + Level 1.8 Stealth
 + Level 4.5 Spellcasting


You couldn't memorise any spells.
You knew the following spells:

 Your Spells              Type           Power      Damage    Failure   Level
a - Magic Dart            Conj           88%        1d7       1%          1
b - Searing Ray           Conj           44%        2d6       2%          2
c - Dazzling Flash        Conj/Hex       44%        N/A       5%          3
d - Fulminant Prism       Conj/Hex       11%        3d9       19%         4
e - Iskenderun's Mystic   Conj/Tloc      22%        2d6       19%         4
f - Slow                  Hex            88%        N/A       1%          1
g - Ensorcelled Hibernat  Hex/Ice        44%        N/A       2%          2
Your spell library was empty.

Dungeon Overview and Level Annotations

Branches:
Dungeon (4/15)
 Temple: D:4-7

Altars:
Qazlal
Uskayaw
Yredelemnul

Annotations:
D:4 Menkaure, Pikel


Innate Abilities, Weirdness & Mutations

You are immune to sickness and miasma.
You are immune to poison.
Your flesh is very heat resistant. (rF++)
You are vulnerable to cold. (rC-)
You float through the air rather than walking.
You learn spells naturally, not from books.
Your magical power is your life essence.
You have superior vitality. (+4 MHP)


Message History

The searing ray hits the lemure.
The lemure is lightly wounded.
The lemure shouts!
A lemure comes into view.
Pikel, Merchant of Souls comes into view.
He is wielding a +1 whip of freezing.
The searing ray hits the lemure.
The lemure is heavily wounded.
You finish channelling your searing ray.
The lemure barely misses you. x2
The lemure attacks as you move away! The lemure hits you.
The lemure attacks as you move away! The lemure completely misses you.
The lemure attacks as you move away! The lemure closely misses you.
The lemure attacks as you move away! The lemure hits you.
The lemure attacks as you move away! The lemure closely misses you.
The lemure attacks as you move away! The lemure closely misses you.
The lemure attacks as you move away! The lemure closely misses you.
There is a stone staircase leading up here.
You hit the lemure.
The lemure convulses.
The lemure is severely wounded.
The lemure hits you.
You barely miss the lemure.
The lemure is severely wounded.
The lemure hits you but does no damage.
You barely miss the lemure.
The lemure is severely wounded.
The lemure hits you but does no damage. The lemure hits you!
Casting: Searing Ray (safe; 2% risk of failure)
Confirm with . or Enter, or press ? or * to list all spells.
Okay, then.
The lemure hits you but does no damage.
You fly upwards.
There is a stone staircase leading down here.
You closely miss the lemure.
The lemure is severely wounded.
The lemure hits you!
* * * LOW HITPOINT WARNING * * *
You barely miss the lemure.
The lemure is severely wounded.
The lemure hits you.
You die...

### ### ###
#.###.###.#
#...#.....#
#.#.#.###.#
#.#.#<..#.#
#.#.#####.#
#.#.....#)#
#.5..##.#.#
#@....#.#.#
#.....#.#.###
#.....#.....######
#.....#...........
#.###.......).....
#.................
#.####............
#.# #............
#.####.......##...


You could see a lemure.

Vanquished Creatures
  A gnoll (D:1)
  3 adders
  4 orcs (D:3)
  4 ball pythons
  5 bats
  5 endoplasms
  3 giant cockroaches
  5 goblins
  2 hobgoblins
  8 jackals (D:2)
  3 quokkas
  A frilled lizard (D:2)
  2 kobolds
  2 rats
48 creatures vanquished.

Vanquished Creatures (collateral kills)
  A ball python (D:3)
1 creature vanquished.

Grand Total: 49 creatures vanquished

Notes
Turn   | Place    | Note
-------+----------+-------------------------------------------
     0 | D:1      | javelincjr the Djinni Conjurer began the quest for the Orb.
     0 | D:1      | javelincjr set off with the following spells memorised:
                  | Magic Dart, Searing Ray, Dazzling Flash, Fulminant Prism,
                  | Iskenderun's Mystic Blast.
     0 | D:1      | Reached XP level 1. HP: 15/15 MP: 0/0
   186 | D:1      | Reached XP level 2. HP: 17/21 MP: 0/0
   661 | D:1      | Found a faded altar of an unknown god.
   844 | D:2      | Reached XP level 3. HP: 21/25 MP: 0/0
   844 | D:2      | Learned a level 1 spell: Slow
   848 | D:2      | Reached skill level 4 in Spellcasting
  1118 | D:2      | Reached XP level 4. HP: 21/31 MP: 0/0
  1232 | D:2      | Found a basalt altar of Yredelemnul.
  2450 | D:3      | Found a hide-covered altar of Uskayaw.
  2451 | D:3      | Found a stormy altar of Qazlal.
  2465 | D:3      | Became a worshipper of Qazlal Stormbringer
  2602 | D:3      | Reached XP level 5. HP: 35/35 MP: 0/0
  2602 | D:3      | Learned a level 2 spell: Ensorcelled Hibernation
  2670 | D:4      | Noticed a lemure
  2670 | D:4      | Noticed a lemure
  2672 | D:4      | Noticed Menkaure
  2672 | D:4      | Noticed a lemure
  2673 | D:4      | Noticed a lemure
  2673 | D:4      | Noticed Pikel
  2702 | D:3      | Slain by a lemure

Illustrated notes

Levels and vault maps discovered:
D:1:      minmay_arrival_open_corners, layout_basic,
          ebering_ecumenical_altar_webs
D:2:      layout_basic, basic_altar
D:3:      layout_basic, gammafunk_temple_overflow_pools
D:4:      corexii_shantytown, layout_basic, trog_book, uniq_ijyb, uniq_menkaure,
          uniq_pikel

Skill      XL: |  1  2  3 |
---------------+----------+-----
Spellcasting   | 4 |  4.5
Dodging        | |  2.3
Stealth        | |  1.8

Action                   |  1- 3 |  4- 6 || total
-------------------------+-------+-------++-------
Melee: Short sword       |     3 |       ||     3
       Flail             |       |     7 ||     7
 Cast: Magic Dart        |    29 |    37 ||    66
       Searing Ray       |     2 |     4 ||     6
Armor: Robe              |     1 |     6 ||     7
Dodge: Dodged            |     2 |    16 ||    18
